Unix NetHack Version 3.7.0-89 Work-in-progress - last build Oct 29 2023 02:39:45 (20cca84197b74dff38aa9bb07c633f6875ef724d,branch:master). Game began 2023-10-31 21:11:21, ended 2023-10-31 21:13:53. BeanNighe, neutral male human Tourist ------------- |.>..........################ +...........| ----.-------- # #@ --------------- ----- #o# |.............| |(*.| #### ############## ............... |??.-########### #------# # |.............| |%++| --|-- |.....######....<.........| ----- |...+ |....| --------------- |.>.| |....| |.... ------ ----- BeanNighe the Rambler St:10 Dx:8 Co:16 In:13 Wi:13 Ch:15 Neutral Dlvl:2 $:1194 HP:0(10) Pw:2(2) AC:10 Xp:1/18 T:696 Latest messages: You drop a jade ring. Kinojevis offers 33 gold pieces for your jade ring. Sell it? [ynaq] (n) p - a jade ring. # What do you want to call? [p-rvyz or ?*] What do you want to drop? [$a-vyz or ?*] You drop a brown potion. Kinojevis offers 33 gold pieces for your brown potion. Sell it? [ynaq] (n) y - a brown potion. # What do you want to call? [p-rvyz or ?*] What do you want to drop? [$a-vyz or ?*] You drop a clear potion. Kinojevis seems uninterested. v - a clear potion. The door opens. You descend the stairs. You climb up the stairs. You descend the stairs. What do you want to read? [i or ?*] As you read the scroll, it disappears. A map coalesces in your mind! You can't go down here. You climb up the stairs. $ - 3 gold pieces (1194 in total). Ouch! You bump into a door. You descend the stairs. You climb up the stairs. You hear someone cursing shoplifters. You find a hidden passage. You hear a door open. Where do you want to travel to? (For instructions type a '?') You hear someone cursing shoplifters. The jackal bites! What do you want to throw? [$au or ?*] In what direction? You kill the jackal! There is a jackal corpse here; eat it? [ynq] (n) This jackal corpse is fatty. You finish eating the jackal corpse. a - an uncursed +2 dart (at the ready) (34 in total). The goblin thrusts her crude dagger. The goblin hits! What do you want to throw? [$au or ?*] In what direction? The dart misses the goblin. The goblin thrusts her crude dagger. The goblin hits! You die... Inventory: Coins ('$') $ - 1194 gold pieces Weapons (')') u - 9 cursed +0 arrows a - 33 uncursed +2 darts (at the ready) Armor ('[') j - an uncursed +0 Hawaiian shirt with a toucan motif (being worn) Comestibles ('%') o - an uncursed candy bar labeled "Apollo" s - 2 uncursed cram rations c - 5 uncursed food rations n - an uncursed food ration f - 2 uncursed fortune cookies b - an uncursed pancake d - 3 uncursed tripe rations e - 2 uncursed tins of french fried goblin meat g - 2 uncursed eggs t - 2 uncursed lichen corpses Scrolls ('?') i - 3 uncursed scrolls of magic mapping Potions ('!') h - 2 uncursed potions of extra healing y - an uncursed potion of restore ability v - an uncursed potion of water Rings ('=') p - a cursed ring of warning Tools ('(') l - an uncursed credit card k - an uncursed expensive camera (0:90) m - an uncursed leash Gems/Stones ('*') q - an uncursed worthless piece of black glass z - 2 uncursed worthless pieces of blue glass r - an uncursed worthless piece of yellow glass BeanNighe the Tourist's attributes: Background: You were a Rambler, a level 1 male human Tourist. You were neutral, on a mission for The Lady who was opposed by Blind Io (lawful) and Offler (chaotic). You were in the Dungeons of Doom, on level 2. You entered the dungeon 696 turns ago. There was a full moon in effect when your adventure ended. You had 18 experience points, 2 more were needed to attain level 2. Basics: You had 0 out of 10 hit points. You had both energy points (spell power). Your armor class was 10. Your wallet contained 1194 zorkmids. Autopickup was on for '$?!"=/*', with exceptions. Final Characteristics: Your strength was 10 (limit:18/100). Your dexterity was 8 (limit:18). Your constitution was 16 (limit:18). Your intelligence was 13 (limit:18). Your wisdom was 13 (limit:18). Your charisma was 15 (limit:18). Final Status: You weren't hungry. You were unencumbered. You were bare handed. You were unskilled in bare handed combat. Final Attributes: You were nominally aligned. You were lucky. You are dead. Miscellaneous: You never encountered a bones level. Total elapsed playing time was 2 minutes and 31 seconds. Major events: Turn 1: BeanNighe the neutral male human Tourist entered the dungeon 563: entered the Gnomish Mines 696: killed by a goblin Vanquished creatures: a little dog a jackal a sewer rat a grid bug 4 lichens 8 creatures vanquished. No species were genocided or became extinct. Voluntary challenges: You were an atheist. You never hit with a wielded weapon. You read items or engraved 1 time. You never engraved Elbereth. You never genocided any monsters. You never polymorphed an object. You never changed form. You used no wishes. Achievements: You entered a shop. You entered the Gnomish Mines. The Dungeons of Doom: levels 1 to 3 Level 1: A fountain, a sink. Level 2: <- You were here. A general store. Stairs down to The Gnomish Mines. Final resting place for you, killed by a goblin. Level 3: The Gnomish Mines: Level 3: Game over: ---------- / \ / REST \ / IN \ / PEACE \ / \ | BeanNighe | | 1194 Au | | killed by a | | goblin | | | | | | 2023 | *| * * * | * _________)/\\_//(\/(/\)/\//\/|_)_______ Aloha BeanNighe the Tourist... You died in The Dungeons of Doom on dungeon level 2 with 378 points, and 1194 pieces of gold, after 696 moves. You were level 1 with a maximum of 10 hit points when you died.